 Dungeon Crawl Stone Soup version 0.27.1 (webtiles) character file.

Game seed: 5907409155500314904

2485 funkygono the Firebug (level 9, -6/47 HPs)
             Began as a Gargoyle Fire Elementalist on Aug 25, 2021.
             Was a Follower of Vehumet.
             Killed by divine providence
             ... invoked by an orc priest
              (13 damage)
             ... on level 7 of the Dungeon.
             The game lasted 00:16:50 (8022 turns).

funkygono the Firebug (Gargoyle Fire Elementalist)  Turns: 8022, Time: 00:16:51

Health: -6/47      AC: 12    Str: 12    XL:     9   Next: 52%
Magic:  8/19       EV: 12    Int: 19    God:    Vehumet [*.....]
Gold:   307        SH:  0    Dex: 10    Spells: 1/21 levels left

rFire    . . .     SeeInvis .   e - +6 whip (flame)
rCold    . . .     Faith    .   (no shield)
rNeg     + . .     Spirit   .   a - +0 robe
rPois    ∞         Reflect  .   c - +1 helmet
rElec    +         Harm     .   y - +0 cloak
rCorr    .         Rampage  .   v - +0 pair of gloves
Will     .....                  (no boots)
Stlth    ++........             (no amulet)
HPRegen  0.15/turn              s - ring of wizardry
MPRegen  0.16/turn              u - ring of flight

@: flying
A: sickness immunity, AC +6, negative energy resistance 1, electricity
resistance, torment resistance 1, petrification resistance
a: Renounce Religion


You were on level 7 of the Dungeon.
You worshipped Vehumet.
Vehumet was aware of your devotion.
You visited 1 branch of the dungeon, and saw 7 of its levels.
You also visited: Sewer.

You collected 307 gold pieces.

Inventory:

Hand Weapons
 b - a +0 mace
 e - a +6 whip of flaming (weapon)
 z - a +2 whip of draining
Missiles
 f - 191 stones (quivered)
Armour
 a - a +0 robe (worn)
 c - a +1 helmet (worn)
 d - a +0 leather armour
 v - a +0 pair of gloves (worn)
 y - a +0 cloak (worn)
Jewellery
 s - a ring of wizardry (left hand)
 u - a ring of flight (right hand)
Scrolls
 w - 2 scrolls of identify
 x - a scroll of fear
Potions
 g - 4 potions of attraction
 h - 4 potions of invisibility
 i - 2 potions of brilliance
 j - a potion of resistance
 k - 4 potions of cancellation
 l - 3 potions of haste
 m - a potion of curing
 n - a potion of heal wounds {unknown}
 o - a potion of experience {unknown}
 p - 3 potions of mutation {unknown}
 q - a potion of ambrosia {unknown}
 r - a potion of lignification {unknown}
 t - a potion of might {unknown}
 A - a potion of berserk rage {unknown}


   Skills:
 + Level 1.1 Fighting
 + Level 2.2 Maces & Flails
 + Level 2.8 Dodging
 - Level 2.1 Stealth
 * Level 6.9 Spellcasting
 * Level 6.9 Conjurations
 * Level 7.5 Fire Magic
 + Level 0.6 Earth Magic


You had one spell level left.
You knew the following spells:

 Your Spells              Type           Power      Damage    Failure   Level
a - Foxfire               Conj/Fire      100%       2x1d9     1%          1
b - Conjure Flame         Conj/Fire      34%        6-21      1%          3
c - Sticky Flame          Conj/Fire      34%        2d5       2%          4
d - Fireball              Conj/Fire      17%        3d9       6%          5
e - Sandblast             Erth           16%        2d6       3%          1
f - Starburst             Conj/Fire      17%        6d6       32%         6

Your spell library contained the following spells:

 Spells                   Type           Power      Damage    Failure   Level
 Freeze                   Ice            24%        1d5       4%          1
 Inner Flame              Hex/Fire       20%        N/A       2%          3
 Dazzling Flash           Conj/Hex       38%        N/A       3%          3
 Hailstorm                Conj/Ice       19%        3d6       10%         4
 Iskenderun's Mystic Bla  Conj/Tloc      19%        2d6       10%         4
 Frozen Ramparts          Ice            12%        1d3       12%         3


Dungeon Overview and Level Annotations

Branches:
Dungeon (7/15)              Sewer (visited)
 Temple: D:4-7

Altars:
Cheibriados
Elyvilon
Fedhas
Gozag
Qazlal
Vehumet
Yredelemnul
Zin
The Shining One

Shops:
D:6 *

Annotations:
D:4 exclusion: statue


Innate Abilities, Weirdness & Mutations

You are immune to sickness and miasma.
Your stone body is resilient. (AC +6)
You are immune to poison.
You resist negative energy. (rN+)
You are resistant to electric shocks. (rElec)
You are resistant to unholy torment.
You are immune to petrification.


Message History

Confirm with . or Enter, or press ? or * to list all spells.
You conjure some foxfire!
The foxfire hits the orc priest.
The orc priest is almost dead.
The orc warrior completely misses you.
Unknown command.
Casting: Foxfire (safe; 1% risk of failure)
Confirm with . or Enter, or press ? or * to list all spells.
You conjure some foxfire!
The foxfire hits the orc warrior but does no damage.
The orc warrior is severely wounded.
The foxfire hits the orc priest!
You kill the orc priest!
Vehumet accepts your kill.
The orc warrior hits you from afar with a +0 glaive!
* * * LOW HITPOINT WARNING * * *
You feel better.
The foxfire hits the orc warrior but does no damage.
The orc warrior is severely wounded.
The foxfire hits the orc priest.
The orc priest is moderately wounded.
The orc warrior barely misses you. The orc priest closely misses you.
Casting: Foxfire (safe; 1% risk of failure)
Confirm with . or Enter, or press ? or * to list all spells.
You conjure some foxfire!
The foxfire hits the orc warrior but does no damage.
The orc warrior is severely wounded.
The foxfire hits the orc warrior but does no damage.
The orc warrior is severely wounded.
The orc priest invokes the aid of Beogh against you.
Beogh smites you!
* * * LOW HITPOINT WARNING * * *
The orc priest looks encouraged for a moment.
Okay, then.
You feel better.
The orc warrior hits you from afar with a +0 glaive.
* * * LOW HITPOINT WARNING * * *
The orc warrior closely misses you.
The orc priest invokes the aid of Beogh against you.
Beogh smites you!
You die...

............# ##...## ##...##
.........#.### ##.....###.....##
.........#<..# #...[...#.......#
.........#.#.# #.......#.......#
.>...........# #.......#.......#
...###.#.#.#.#####.....###.....##
...( ..#...#.....##...## ##...##
...#....##..##'#######'####
###....#.##@........).......
######.##................. .
...#................. '
##.#o###'#######†#### .####
#...##...## ##...## ....#
##.##.....###.....## ....#
#o#.......#.......# ..).##
#.#.......#.......# .....#######
#.#.......#...)...#


You could see an orc warrior and an orc priest.

Vanquished Creatures
  Prince Ribbit (D:6)
  A wyvern (D:7)
  A water moccasin (D:7)
  A sky beast (D:6)
  2 ogres
  A black bear (D:6)
  A necrophage (D:6)
  2 centaurs
  3 kobold brigands (Sewer)
  A bullfrog (D:7)
  A scorpion (D:5)
  2 wyvern skeletons (D:7)
  A water moccasin skeleton (D:6)
  2 centaur zombies
  An orc priest (D:7)
  A hound (D:5)
  2 iguanas (D:7)
  A jelly (D:6)
  A centaur skeleton (D:2)
  A gnoll shaman (D:7)
  2 bullfrog skeletons (D:5)
  8 orc wizards
  A killer bee zombie (D:6)
  A hound zombie (D:5)
  A howler monkey zombie (D:5)
  6 gnolls
  11 adders
  8 river rats (Sewer)
  2 ufetubi
  A dart slug (D:3)
  30 orcs
  12 ball pythons
  6 bats
  7 endoplasms
  3 giant cockroaches
  4 goblins
  8 hobgoblins
  4 jackals
  4 quokkas
  4 frilled lizards
  22 kobolds
  21 rats
193 creatures vanquished.

Vanquished Creatures (collateral kills)
  5 foxfires (D:5)
5 creatures vanquished.

Vanquished Creatures (others)
  730 foxfires
  30 plants (D:5)
760 creatures vanquished.

Grand Total: 958 creatures vanquished

Notes
Turn   | Place    | Note
-------+----------+-------------------------------------------
     0 | D:1      | funkygono the Gargoyle Fire Elementalist began the quest
                  | for the Orb.
     0 | D:1      | Reached XP level 1. HP: 10/10 MP: 3/3
   200 | D:1      | Reached XP level 2. HP: 6/15 MP: 0/5
   427 | D:1      | Found a faded altar of an unknown god.
  1213 | D:1      | Reached XP level 3. HP: 19/19 MP: 2/6
  1282 | D:1      | Learned a level 3 spell: Conjure Flame
  2099 | D:2      | Reached XP level 4. HP: 24/24 MP: 5/8
  2104 | D:2      | Learned a level 4 spell: Sticky Flame
  2228 | D:2      | Reached skill level 4 in Fire Magic
  2565 | D:3      | Found a faded altar of an unknown god.
  2565 | D:3      | Found a glowing silver altar of Zin.
  2571 | D:3      | Found a stormy altar of Qazlal.
  2573 | D:3      | Found an opulent altar of Gozag.
  2574 | D:3      | Found a white marble altar of Elyvilon.
  2587 | D:3      | Reached skill level 1 in Maces & Flails
  2587 | D:3      | Reached XP level 5. HP: 24/28 MP: 6/9
  2829 | D:3      | Found a glowing drain.
  2914 | Sewer    | Entered a sewer
  3053 | Sewer    | Noticed a kobold brigand
  3071 | Sewer    | Killed a kobold brigand
  3072 | Sewer    | Reached XP level 6. HP: 29/32 MP: 3/11
  3589 | Sewer    | Reached skill level 5 in Fire Magic
  3589 | Sewer    | Reached XP level 7. HP: 31/36 MP: 4/13
  4150 | D:3      | Learned a level 5 spell: Fireball
  4617 | D:4      | Found a radiant altar of Vehumet.
  4626 | D:4      | Became a worshipper of Vehumet
  5040 | D:4      | Found a radiant altar of Vehumet.
  5361 | D:5      | Entered Level 5 of the Dungeon
  5412 | D:5      | Found a basalt altar of Yredelemnul.
  5510 | D:5      | Found a blossoming altar of Fedhas.
  5562 | D:5      | Found a glowing golden altar of the Shining One.
  5664 | D:5      | Reached XP level 8. HP: 42/42 MP: 7/15
  5877 | D:5      | Found a snail-covered altar of Cheibriados.
  5889 | D:5      | Reached skill level 5 in Spellcasting
  5889 | D:5      | Reached skill level 6 in Fire Magic
  5891 | D:5      | Reached * piety under Vehumet
  5891 | D:5      | Offered knowledge of Sandblast by Vehumet.
  5894 | D:5      | Learned a level 1 spell: Sandblast
  6110 | D:5      | Reached skill level 5 in Conjurations
  6385 | D:6      | Found Zynajiof's General Store.
  6411 | D:6      | Noticed Prince Ribbit
  6977 | D:6      | Killed Prince Ribbit
  6978 | D:6      | Reached XP level 9. HP: 46/46 MP: 14/18
  6987 | D:6      | Learned a level 6 spell: Starburst
  7331 | D:7      | Reached skill level 7 in Fire Magic
  7583 | D:7      | Reached skill level 1 in Fighting
  8022 | D:7      | Killed from afar by an orc priest

Illustrated notes

Levels and vault maps discovered:
D:1:      dpeg_arrival_simpleton_b, layout_basic, basic_ecumenical_altar
D:2:      layout_rooms
D:3:      layout_rooms, chequers_temple_overflow_minitemple,
          gup_sewer_entry_glass, minmay_misc_feat_five,
          chequers_serial_rivers_large_a
D:4:      layout_loops_ring, vehumet_statue, kennysheep_flooded_box
D:5:      layout_rooms, mainiacjoe_overflow_large_starburst,
          mainiacjoe_overflow_catch_the_wave
D:6:      layout_basic, serial_shops, nicolae_take_the_stairs,
          uniq_prince_ribbit1
D:7:      kennysheep_six_static_rooms, layout_basic,
          minmay_temple_entry_proselytizer

Skill      XL: |  1  2  3  4  5  6  7  8  9 |
---------------+----------------------------+-----
Fire Magic     | 4 5 6 7 |  7.5
Conjurations   | 2 3 4 6 |  6.9
Maces & Flails | 1 2 |  2.2
Spellcasting   | 3 4 6 |  6.9
Dodging        | 2 |  2.8
Fighting       | 1 |  1.1
Stealth        | |  2.1
Earth Magic    | |  0.6

Action                   |  1- 3 |  4- 6 |  7- 9 || total
-------------------------+-------+-------+-------++-------
Melee: Mace              |     4 |       |       ||     4
       Whip              |     7 |    28 |    30 ||    65
 Cast: Foxfire           |    59 |   107 |   255 ||   421
       Sandblast         |       |       |     1 ||     1
       Sticky Flame      |       |       |     2 ||     2
       Conjure Flame     |       |       |     1 ||     1
  Use: Scroll            |     5 |       |    13 ||    18
       Potion            |       |       |     2 ||     2
Armor: Robe              |    16 |    24 |    28 ||    68
Dodge: Dodged            |    34 |    45 |    39 ||   118
